Map: Port Aleksander LE

Players

Juxtapose - Winner!

  • Race: Terran Terran
  • Spawn Location: 11:00

VOD

https://youtu.be/UWuqx2_162s

Description

I'm very pleased with this match and how I improved my macro. I was thrown off at first as I noted my game was running at 30 FPS instead of 60 FPS (turns out GeForce Experience adjusted my resolution higher), which threw off my timing. I was originally going to go Barracks into Command Centre, not the other way around, but overall things worked out fine.

I'm also very certain the Versus AI has been improved. The Protoss AI, for example, seems to not only be getting but using Disruptors far sooner and more effectively than it did months ago, and I swear it's also getting Colossi faster. Also, notice how it immediately runs its Probes out of Liberation Zones, I'm very certain it didn't do that before either.

I also noticed it seems to be expanding to its natural at more current meta timings.

Overall, if I'm right, this has added to the overall challenge, which only serves to make the Versus AI a better form of Practice for actual Versus.

Time

  • Played on: Dec. 21, 2018, 1:40 p.m.
  • Length: 16:33
Show
View Real Time Build Order
Export as new Build Order

Juxtapose Terran - Winner!

Build Orders:  

Get SALT Encoding   

  12  0:01  SCV  
  13  0:19  SCV  
  14  0:36  SCV  
  15  0:57  Supply Depot  
  15  1:24  Command Center  
  15  1:31  SCV  
  16  1:41  Barracks  
  16  1:48  SCV  
  17  2:05  SCV  
  18  2:17  Supply Depot  
  18  2:23  SCV  
  19  2:31  Refinery  
  19  2:40  Refinery, SCV  
  20  2:56  Marine  
  21  3:02  Orbital Command  
  21  3:12  Orbital Command  
  21  3:37  Barracks Reactor  
  21  3:50  Barracks  
  21  3:55  SCV x2  
  23  4:12  SCV x2  
  23  4:16  Bunker  
  23  4:19  Engineering Bay  
  25  4:29  SCV x2  
  27  4:30  Marine x2  
  29  4:46  SCV x2  
  31  5:00  Barracks Tech Lab  
  31  5:03  SCV x2  
  33  5:12  Marine x2  
  33  5:15  Barracks Tech Lab  
  35  5:22  Terran Infantry Weapons Level 1  
  35  5:30  Factory  
  35  5:38  SCV x2  
  37  5:45  Refinery  
  37  5:49  Refinery  
  37  5:57  Missile Turret  
  37  5:58  SCV x2  
  39  6:03  Missile Turret  
  39  6:11  Marine x2  
  39  6:12  Marauder  
  39  6:14  Stimpack  
  39  6:15  SCV x2  
  45  6:32  SCV  
  46  6:50  Supply Depot  
  46  6:57  Starport  
  46  7:03  Barracks  
  46  7:08  Factory Tech Lab  
  46  7:20  Marine x2, SCV, Marauder  
  46  7:21  SCV  
  52  7:37  SCV  
  52  7:38  SCV  
  54  7:59  Supply Depot  
  54  8:01  Supply Depot  
  54  8:13  Starport Reactor  
  54  8:15  Barracks Reactor  
  54  8:25  Terran Infantry Armor Level 1  
  54  8:29  Marine x2, SCV x2, Armory, Marauder  
  60  8:31  Siege Tank  
  63  8:46  SCV x2  
  65  8:54  Marine x2  
  65  8:55  Command Center  
  65  8:59  Marauder  
  69  9:04  Unknown  
  69  9:13  Supply Depot  
  69  9:19  Marine  
  70  9:43  Marauder  
  70  9:44  Terran Vehicle Weapons Level 1  
  70  9:48  Supply Depot  
  78  10:18  Marine x3, Siege Tank, Marauder  
  86  10:21  Supply Depot  
  86  10:35  Marine  
  87  10:42  Missile Turret  
  87  10:43  Marine, Medivac x2, Unknown x2  
  87  10:46  Orbital Command  
  92  10:50  SCV x2  
  92  10:53  Concussive Shells  
  94  11:03  Siege Tank  
  94  11:06  Marine  
  94  11:07  Marine, SCV, Marauder  
  102  11:21  SCV  
  102  11:22  SCV  
  102  11:24  SCV  
  102  11:25  Medivac x2  
  109  11:38  Terran Infantry Weapons Level 2  
  109  11:50  Supply Depot  
  109  12:20  SCV, Siege Tank, Marauder  
  109  12:22  Supply Depot  
  109  12:23  Terran Vehicle And Ship Armor Level 1  
  115  12:33  Siege Tank  
  115  12:34  Siege Tank  
  115  12:47  Marine  
  115  12:48  Marine  
  117  12:53  Marine, Marauder  
  117  12:55  Supply Depot  
  117  12:59  Supply Depot  
  120  13:03  Refinery  
  120  13:07  Refinery  
  120  13:22  Marine, Marauder  
  120  13:23  Marine  
  120  13:25  Siege Tank  
  133  13:42  Siege Tank x4  
  133  13:51  Marine  
  133  13:52  Marine x2, Marauder  
  133  13:53  Marine  
  133  13:56  Unknown  
  139  14:16  Marine x2  
  139  14:18  Marine, Siege Tank  
  125  14:22  Marauder  
  125  14:23  Marine  
  125  14:28  Unknown x2  
  123  14:34  Siege Tank x3  
  119  14:41  Marine x2  
  119  14:43  Marine  
  119  14:48  Marine  
  123  14:52  Marauder  
  125  15:03  Siege Tank  
  125  15:06  Marine x2  
  125  15:08  Marine  
  131  15:13  Marine  
  132  15:22  Marauder  
  134  15:31  Marine  
  133  15:52  Marauder  
  135  16:02  Marine  
  135  16:03  Marine  
Tags
 
Add a new tag
Caveats
  • Supply blocks, unpowered buildings, or Contaminate may cause inaccurate times.
  • Supply counts are checked every 10 seconds.